Map: Аура смерти РВ

Players

ИИ 1 (эксперт) - Winner!

  • Race: Protoss Protoss
  • Spawn Location: 11:00

Doll

  • Race: Zerg Zerg
  • Spawn Location: 5:00

VOD

Have the link to the VOD?

Description

Time

  • Played on: Dec. 25, 2020, 1:28 p.m.
  • Length: 3:35
Show
View Real Time Build Order
Export as new Build Order

ИИ 1 (эксперт) Protoss - Winner!

Build Orders: 1 Gate Expand 

Get SALT Encoding   

  12  0:00  Probe  
  13  0:13  Probe  
  14  0:20  Pylon  
  14  0:25  Probe  
  15  0:34  Probe  
  15  0:42  Probe  
  17  0:50  Gateway  
  17  0:52  Probe  
  18  1:00  Probe  
  19  1:14  Nexus  
  19  1:15  Probe  
  20  1:27  Probe  
  21  1:36  Pylon  
  21  1:38  Zealot  
  23  1:48  Cybernetics Core  
  23  1:49  Assimilator  
  23  1:54  Probe  
  23  2:02  Probe  
  23  2:04  Pylon  
  23  2:10  Probe  
  22  2:19  Probe  
  20  2:26  Probe  
  20  2:27  Probe  
  18  2:35  Probe  
  19  2:38  Probe  
  19  2:43  Zealot  
  23  2:47  Probe  
  23  2:51  Probe  
  25  2:59  Probe  
  25  3:03  Probe  
  27  3:12  Probe  
  30  3:15  Probe  
  31  3:25  Gateway  
  31  3:28  Assimilator  
Show
View Real Time Build Order
Export as new Build Order

Doll Zerg 

Build Orders: Pool First 

Get SALT Encoding   

  12  0:19  Spawning Pool  
  11  1:06  Zergling x6  
  14  1:15  Extractor  
  14  1:17  Hatchery  
  14  1:18  Overlord  
  12  1:28  Queen  
  14  1:38  Drone  
  14  1:39  Drone  
  16  1:50  Drone  
  17  2:01  Drone  
  18  2:12  Drone  
  18  2:21  Drone  
  19  2:28  Queen  
  20  2:30  Drone  
  20  2:33  Drone  
  21  2:40  Drone  
  21  2:42  Drone  
  23  2:47  Drone  
  23  2:50  Drone  
  25  2:54  Drone  
  25  2:58  Drone  
  27  3:02  Extractor  
  27  3:03  Drone  
  27  3:09  Overlord  
  27  3:13  Zergling x2  
Tags
 
Add a new tag
Caveats
  • Supply blocks, unpowered buildings, or Contaminate may cause inaccurate times.
  • Supply counts are checked every 10 seconds.